Rafales vs Influenza
Created - 20 décembre 2016 at 19:06
Goals
|
Rafales |
3 |
2 |
2 |
7 |
Influenza |
1 |
2 |
3 |
6 |
|
Shots
|
Rafales |
9 |
11 |
15 |
35 |
Influenza |
13 |
15 |
8 |
36 |
|
1st period
1. Rafales , Milan Bartovic 8 (Cody McLeod, Mike Zigomanis) at 0:06
2. Rafales , Cody McLeod 22 (Mike Zigomanis) at 7:04
3. Rafales , Milan Bartovic 9 (Mike Zigomanis, Jonas Junland) at 13:04
4. Influenza , Ben Smith 16 (Evgeny Grachev) at 14:33
Penalties :
No Penalty
2nd period
5. Rafales , Mike Sislo 7 (Willie Mitchell, Kevin Veilleux) at 1:35
6. Influenza , Jamie Benn 15 (Ben Smith, Evgeny Grachev) at 10:20
7. Influenza , Robbie Earl 18 (Mark Scheifele, Martins Karsums) at 11:52 (PP)
8. Rafales , Kevin Veilleux 1 (Mike Sislo, Tim Crowder) at 18:49
Penalties :
Tim Erixon (VJB) for Hooking (Minor) at 3:30, Marc-André Gragnani (Stf) for Cross-checking (Minor) at 11:35, Marc-André Gragnani (Stf) for Tripping (Minor) at 15:12, Ben Smith (VJB) for Holding (Minor) at 18:52
3rd period
9. Rafales , Cody McLeod 23 (Mike Zigomanis, Jonas Junland) at 10:39
10. Influenza , Robbie Earl 19 (Mark Scheifele, Martins Karsums) at 11:16
11. Influenza , Ben Smith 17 (Mathieu Carle, Evgeny Grachev) at 11:28
12. Rafales , Mike Sislo 8 (Nathan Davis, Jonathan Rheault) at 13:58 (PP)
13. Influenza , Mark Scheifele 9 (Martins Karsums) at 16:17 (PP)
Penalties :
Mark Scheifele (VJB) for Hooking (Minor) at 13:21, Jonas Junland (Stf) for Goalie Interference (Minor) at 15:46, Mark Scheifele (VJB) for Hooking (Minor) at 18:05
Goalie Stats
Philipp Grubauer (Stf), 30 saves from 36 shots - (0,833), W, 2-3-1, 60:00 minutes
Olivier Roy (VJB), 20 saves from 23 shots - (0,870), L, 2-2-1, 38:25 minutes
Thomas McCollum (VJB), 8 saves from 12 shots - (0,667), 21:35 minutes
Players Stats for Rafales
Player Name G A P +/- PIM S H SB GA TA FO MP PP MP PK MP
------------------------------------------------------------------------------------
Cody McLeod 2 1 3 1 0 5 2 0 1 0 1/1 23:02 3:41 1:30
Connor Murphy 0 0 0 -1 0 0 0 1 0 0 0/0 12:21 0:00 1:10
James Marcou 0 0 0 -1 0 3 0 0 0 0 0/0 9:08 0:00 0:00
Jeff Skinner 0 0 0 0 0 3 1 0 1 0 1/2 14:10 0:09 1:01
Jonas Junland 0 2 2 2 2 1 1 2 1 0 0/0 20:03 2:27 1:10
Jonathan Rheault 0 1 1 0 0 0 1 1 0 1 0/0 15:37 2:39 0:00
Kevin Veilleux 1 1 2 2 0 1 1 1 1 0 2/4 10:55 0:00 0:00
Marc-André Gragnani 0 0 0 2 4 2 0 0 2 0 0/0 19:39 2:27 0:00
Mark Fayne 0 0 0 -1 0 0 0 1 0 0 0/0 12:09 0:00 0:11
Matt Gilroy 0 0 0 1 0 4 1 2 1 2 0/0 27:47 4:02 1:26
Michael Bournival 0 0 0 -1 0 0 2 0 1 1 0/0 9:32 0:06 0:11
Mike Sislo 2 1 3 2 0 2 4 0 0 0 0/0 13:29 2:39 0:05
Mike Zigomanis 0 4 4 1 0 3 1 1 0 1 16/33 22:56 3:44 1:36
Milan Bartovic 2 0 2 1 0 6 1 0 2 1 1/2 21:36 3:47 0:11
Nathan Davis 0 1 1 0 0 3 0 0 0 0 5/14 16:43 2:39 1:06
Petr Kalus 0 0 0 -1 0 0 1 0 0 1 2/2 9:18 0:00 0:05
Tim Crowder 0 1 1 2 0 1 0 0 0 0 0/0 10:58 0:03 0:00
Willie Mitchell 0 1 1 1 0 1 4 3 0 0 0/0 27:47 4:02 1:26
Players Stats for Influenza
Player Name G A P +/- PIM S H SB GA TA FO MP PP MP PK MP
------------------------------------------------------------------------------------
Ben Smith 2 1 3 1 2 6 1 0 1 1 0/0 20:25 0:00 2:31
Carl Gunnarsson 0 0 0 1 0 1 1 1 0 0 0/0 18:37 1:39 2:07
Charlie Coyle 0 0 0 0 0 1 1 0 0 0 0/1 11:34 0:08 2:28
Evgeny Grachev 0 3 3 1 0 4 2 0 1 1 12/25 18:48 1:14 0:00
Iiro Pakarinen 0 0 0 0 0 1 1 0 0 0 0/0 8:45 0:08 0:00
Jamie Benn 1 0 1 1 0 1 3 0 0 1 1/2 22:06 1:22 2:49
Jeff May 0 0 0 -1 0 0 2 0 0 1 0/0 13:40 1:14 0:00
Jeremy Morin 0 0 0 -1 0 1 0 0 1 0 0/0 9:57 0:00 0:00
John Klingberg 0 0 0 -2 0 1 0 1 0 0 0/0 28:57 1:08 4:22
Mark Scheifele 1 2 3 -2 4 5 1 0 0 0 10/17 16:22 1:25 0:44
Martins Karsums 0 3 3 -2 0 3 6 0 0 0 0/0 15:35 1:25 0:00
Mathieu Carle 0 1 1 -2 0 0 1 2 1 2 0/0 28:57 1:08 4:22
Matt Corrente 0 0 0 1 0 2 1 3 0 2 0/0 18:37 1:39 2:07
Robbie Earl 2 0 2 -2 0 6 3 0 1 1 0/0 15:55 1:25 0:15
Ryan Carter 0 0 0 -1 0 2 1 0 2 0 6/12 14:08 0:00 4:11
Ryan Russell 0 0 0 0 0 2 2 0 0 0 1/1 8:37 0:00 0:00
T.J Galiardi 0 0 0 -1 0 0 0 0 0 0 0/0 9:57 0:00 0:00
Tim Erixon 0 0 0 -1 2 0 0 2 0 1 0/0 12:30 0:00 0:00
3 Stars
1 - Mike Sislo (Stf)
2 - Cody McLeod (Stf)
3 - Ben Smith (VJB)
Power Play
Rafales - 1 on 4 Attempt(s) - 25,00%
Influenza - 2 on 3 Attempt(s) - 66,67%
Penalty Kill
Rafales - 1 on 3 Attempt(s) - 33,33%
- Score 0 goal in Penalty Kill
Influenza - 3 on 4 Attempt(s) - 75,00%
- Score 0 goal in Penalty Kill
Team Stat
Rafales - Hits : 20 - Faceoff Wins : 28 - Blocked Shots : 12 - Penalty Minutes : 6
Influenza - Hits : 26 - Faceoff Wins : 30 - Blocked Shots : 9 - Penalty Minutes : 8
Official
Referees : Hasenfratz Mike and Hebert Ghislain
Linesman : Jean Morin and Lyle Seitz
Game Notes
Olivier Roy enters game at 1:35 of 2nd period
Finance
Level 1 -- Attendance: 1391 (69,55%) -- Ticket Income 55 640 $
Level 2 -- Attendance: 714 (71,40%) -- Ticket Income 14 280 $
Total Attendance: 2105 (70,17%)
Total Ticket Income: 69 920 $
Other Income: 3 496 $
Total Income: 73 416 $
Rafales
5 vs 5 Forward
Center Left Wing Right Wing Time % Phy DF OF
1 Mike Zigomanis Cody McLeod Milan Bartovic 40 0 0 5
2 Nathan Davis Jeff Skinner Jonathan Rheault 30 0 0 5
3 Kevin Veilleux Mike Sislo Tim Crowder 20 0 2 3
4 Petr Kalus Michael Bournival James Marcou 10 0 1 4
5 vs 5 Defense
Defense Defense Time % Phy DF OF
1 Willie Mitchell Matt Gilroy 40 0 3 2
2 Jonas Junland Marc-André Gragnani 30 0 3 2
3 Mark Fayne Connor Murphy 20 0 4 1
4 Willie Mitchell Matt Gilroy 10 0 2 3
PowerPlay Forward
Center Left Wing Right Wing Time % Phy DF OF
1 Mike Zigomanis Cody McLeod Milan Bartovic 60 0 0 5
2 Nathan Davis Mike Sislo Jonathan Rheault 40 0 0 5
PowerPlay Defense
Defense Defense Time % Phy DF OF
1 Willie Mitchell Matt Gilroy 60 0 2 3
2 Jonas Junland Marc-André Gragnani 40 0 2 3
Penalty Kill 4 Players Forward
Center Wing Time % Phy DF OF
1 Mike Zigomanis Cody McLeod 60 0 4 1
2 Milan Bartovic Nathan Davis 40 0 4 0
Penalty Kill 4 Players Defense
Defense Defense Time % Phy DF OF
1 Willie Mitchell Matt Gilroy 60 0 5 0
2 Jonas Junland Marc-André Gragnani 40 0 5 0
Penalty Kill - 3 Players Forward
Forward Time % Phy DF OF
1 Mike Zigomanis 60 0 5 0
2 Cody McLeod 40 0 5 0
Penalty Kill - 3 Players Defense
Defense Defense Time % Phy DF OF
1 Willie Mitchell Matt Gilroy 60 1 4 0
2 Jonas Junland Marc-André Gragnani 40 1 4 0
4 vs 4 Forward
Center Wing Time % Phy DF OF
1 Mike Zigomanis Cody McLeod 60 0 2 3
2 Milan Bartovic Nathan Davis 40 0 2 3
4 vs 4 Defense
Defense Defense Time % Phy DF OF
1 Willie Mitchell Matt Gilroy 60 0 3 2
2 Jonas Junland Marc-André Gragnani 40 0 3 2
Last Minutes Offensive
Center Left Wing Right Wing Defense Defense
Mike Zigomanis Cody McLeod Milan Bartovic Willie Mitchell Matt Gilroy
Last Minutes Defensive
Center Left Wing Right Wing Defense Defense
Mike Zigomanis Cody McLeod Milan Bartovic Willie Mitchell Matt Gilroy
Goaltenders
Starting : Philipp Grubauer
Backup : John Gibson
Extra Forwards
Normal : Cody McLeod, Jeff Skinner, Mike Zigomanis - PP : Cody McLeod, Jeff Skinner - PK : Mike Zigomanis
Extra Defensemen
Normal : Matt Gilroy, Connor Murphy, Jonas Junland - PP : Matt Gilroy - PK : Willie Mitchell, Jonas Junland
Penalty Shots
Mike Zigomanis, Cody McLeod, Milan Bartovic, Nathan Davis, Jeff Skinner
Influenza
5 vs 5 Forward
Center Left Wing Right Wing Time % Phy DF OF
1 Evgeny Grachev Jamie Benn Ben Smith 40 1 2 2
2 Mark Scheifele Robbie Earl Martins Karsums 30 1 2 2
3 Ryan Carter T.J Galiardi Jeremy Morin 20 1 2 2
4 Charlie Coyle Ryan Russell Iiro Pakarinen 10 1 2 2
5 vs 5 Defense
Defense Defense Time % Phy DF OF
1 John Klingberg Mathieu Carle 40 1 2 2
2 Carl Gunnarsson Matt Corrente 30 1 2 2
3 Tim Erixon Jeff May 20 1 2 2
4 John Klingberg Mathieu Carle 10 1 2 2
PowerPlay Forward
Center Left Wing Right Wing Time % Phy DF OF
1 Evgeny Grachev Jamie Benn Jeff May 60 1 2 2
2 Mark Scheifele Robbie Earl Martins Karsums 40 1 2 2
PowerPlay Defense
Defense Defense Time % Phy DF OF
1 John Klingberg Mathieu Carle 60 1 2 2
2 Carl Gunnarsson Matt Corrente 40 1 2 2
Penalty Kill 4 Players Forward
Center Wing Time % Phy DF OF
1 Ryan Carter Ben Smith 60 1 2 2
2 Charlie Coyle Jamie Benn 40 1 2 2
Penalty Kill 4 Players Defense
Defense Defense Time % Phy DF OF
1 John Klingberg Mathieu Carle 60 1 2 2
2 Carl Gunnarsson Matt Corrente 40 1 2 2
Penalty Kill - 3 Players Forward
Forward Time % Phy DF OF
1 Ryan Carter 60 1 2 2
2 Charlie Coyle 40 1 2 2
Penalty Kill - 3 Players Defense
Defense Defense Time % Phy DF OF
1 John Klingberg Mathieu Carle 60 1 2 2
2 Carl Gunnarsson Matt Corrente 40 1 2 2
4 vs 4 Forward
Center Wing Time % Phy DF OF
1 Evgeny Grachev Ben Smith 60 1 2 2
2 Ryan Carter Jamie Benn 40 1 2 2
4 vs 4 Defense
Defense Defense Time % Phy DF OF
1 John Klingberg Mathieu Carle 60 1 2 2
2 Carl Gunnarsson Matt Corrente 40 1 2 2
Last Minutes Offensive
Center Left Wing Right Wing Defense Defense
Evgeny Grachev Jamie Benn Martins Karsums John Klingberg Mathieu Carle
Last Minutes Defensive
Center Left Wing Right Wing Defense Defense
Charlie Coyle Robbie Earl Jeremy Morin John Klingberg Mathieu Carle
Goaltenders
Starting : Thomas McCollum
Backup : Olivier Roy
Extra Forwards
Normal : Mark Scheifele, Ben Smith, Martins Karsums - PP : Mark Scheifele, Evgeny Grachev - PK : Charlie Coyle
Extra Defensemen
Normal : Carl Gunnarsson, John Klingberg, Matt Corrente - PP : Carl Gunnarsson - PK : Carl Gunnarsson, Tim Erixon
Penalty Shots
Jamie Benn, Robbie Earl, Mark Scheifele, John Klingberg, Ryan Carter
% Time on Ice - Rafales
Lines # - Real PCT - Wanted PCT - Time Play
Normal Forward
1 - 35% - 40% - 17:43
2 - 26% - 30% - 12:58
3 - 22% - 20% - 10:55
4 - 18% - 10% - 9:08
Normal Defense
1 - 39% - 40% - 20:00
2 - 34% - 30% - 17:14
3 - 22% - 20% - 11:11
4 - 5% - 10% - 2:19
PP Forward
1 - 59% - 60% - 3:50
2 - 41% - 40% - 2:39
PP Defense
1 - 62% - 60% - 4:02
2 - 38% - 40% - 2:27
PK Forward
1 - 93% - 60% - 2:36
2 - 7% - 40% - 0:11
PK Defense
1 - 29% - 60% - 0:48
2 - 71% - 40% - 1:59
PK3 Forward
1 - 0% - 60%
2 - 0% - 40%
PK3 Defense
1 - 0% - 60%
2 - 0% - 40%
44 Forward
1 - 0% - 60%
2 - 0% - 40%
44 Defense
1 - 0% - 60%
2 - 0% - 40%
Last Minute Offensive - 0:00
Last Minute Defensive - 0:00
Total
Forward - 60:00
Defense - 60:00
|
% Time on Ice - Influenza
Lines # - Real PCT - Wanted PCT - Time Play
Normal Forward
1 - 35% - 40% - 18:00
2 - 28% - 30% - 14:10
3 - 20% - 20% - 9:57
4 - 17% - 10% - 8:37
Normal Defense
1 - 40% - 40% - 20:31
2 - 29% - 30% - 14:51
3 - 25% - 20% - 12:26
4 - 6% - 10% - 2:56
PP Forward
1 - 49% - 60% - 1:22
2 - 51% - 40% - 1:25
PP Defense
1 - 41% - 60% - 1:08
2 - 59% - 40% - 1:39
PK Forward
1 - 85% - 60% - 5:29
2 - 15% - 40% - 1:00
PK Defense
1 - 67% - 60% - 4:22
2 - 33% - 40% - 2:07
PK3 Forward
1 - 0% - 60%
2 - 0% - 40%
PK3 Defense
1 - 0% - 60%
2 - 0% - 40%
44 Forward
1 - 0% - 60%
2 - 0% - 40%
44 Defense
1 - 0% - 60%
2 - 0% - 40%
Last Minute Offensive - 0:00
Last Minute Defensive - 0:00
Total
Forward - 60:00
Defense - 60:00
|
Play by Play
1st period
0:01 of 1st period - Mike Zigomanis wins face-off versus Evgeny Grachev in neutral zone.
0:06 of 1st period - Slapshot by Milan Bartovic.
0:06 of 1st period - Deflect By Ben Smith.
0:06 of 1st period - Goal by Milan Bartovic - Rafales : 1 - Influenza : 0.
0:07 of 1st period - Mark Scheifele wins face-off versus Nathan Davis in neutral zone.
0:32 of 1st period - Snap shot by Tim Crowder.
0:32 of 1st period - Shot Blocked by Matt Corrente.
1:13 of 1st period - Wrist shot by Ryan Russell.
1:13 of 1st period - Stopped by Philipp Grubauer with a rebound.
1:15 of 1st period - Wrist shot by Tim Erixon.
1:15 of 1st period - Deflect By Charlie Coyle.
1:15 of 1st period - Stopped by Philipp Grubauer without a rebound.
1:16 of 1st period - Petr Kalus wins face-off versus Charlie Coyle in Rafales zone.
1:16 of 1st period - Petr Kalus is hit by Iiro Pakarinen.
1:40 of 1st period - Slapshot by Ryan Russell.
1:40 of 1st period - Stopped by Philipp Grubauer without a rebound.
1:41 of 1st period - Nathan Davis wins face-off versus Evgeny Grachev in Rafales zone.
1:46 of 1st period - Slapshot by Matt Gilroy.
1:46 of 1st period - Deflect By Jeff Skinner.
1:46 of 1st period - Shot Misses the Net.
1:46 of 1st period - Puck is out of play.
1:47 of 1st period - Mike Zigomanis wins face-off versus Evgeny Grachev in Influenza zone.
2:23 of 1st period - Snap shot by Martins Karsums.
2:23 of 1st period - Stopped by Philipp Grubauer with a rebound.
3:09 of 1st period - Slapshot by John Klingberg.
3:09 of 1st period - Shot Misses the Net.
3:41 of 1st period - Milan Bartovic is hit by Martins Karsums and loses puck.
3:46 of 1st period - Snap shot by Mark Scheifele.
3:46 of 1st period - Stopped by Philipp Grubauer with a rebound.
4:06 of 1st period - Wrist shot by Michael Bournival.
4:06 of 1st period - Deflect By James Marcou.
4:06 of 1st period - Stopped by Thomas McCollum with a rebound.
4:08 of 1st period - Snap shot by Michael Bournival.
4:08 of 1st period - Shot Misses the Net.
4:28 of 1st period - Wrist shot by Tim Crowder.
4:28 of 1st period - Shot Misses the Net.
4:38 of 1st period - Jeff May is hit by Willie Mitchell and loses puck.
4:51 of 1st period - Snap shot by Evgeny Grachev.
4:51 of 1st period - Shot Blocked by Jonathan Rheault.
5:09 of 1st period - Slapshot by Martins Karsums.
5:09 of 1st period - Stopped by Philipp Grubauer without a rebound.
5:10 of 1st period - Mark Scheifele wins face-off versus Mike Zigomanis in Rafales zone.
5:49 of 1st period - Mark Fayne is hit by Martins Karsums and loses puck.
6:06 of 1st period - Snap shot by Martins Karsums.
6:06 of 1st period - Stopped by Philipp Grubauer with a rebound.
7:04 of 1st period - Backhand shot by Cody McLeod.
7:04 of 1st period - Goal by Cody McLeod - Rafales : 2 - Influenza : 0.
7:05 of 1st period - Jamie Benn wins face-off versus Nathan Davis in neutral zone.
7:32 of 1st period - Matt Corrente is hit by Kevin Veilleux and loses puck.
11:10 of 1st period - Mike Sislo is hit by Martins Karsums and loses puck.
11:23 of 1st period - Willie Mitchell is hit by Matt Corrente and loses puck.
12:17 of 1st period - John Klingberg is hit by Jonas Junland and loses puck.
12:50 of 1st period - Wrist shot by James Marcou.
12:50 of 1st period - Shot Misses the Net.
13:04 of 1st period - Snap shot by Milan Bartovic.
13:04 of 1st period - Goal by Milan Bartovic - Rafales : 3 - Influenza : 0.
13:05 of 1st period - Mike Zigomanis wins face-off versus Evgeny Grachev in neutral zone.
13:12 of 1st period - Snap shot by Matt Gilroy.
13:12 of 1st period - Stopped by Thomas McCollum with a rebound.
13:14 of 1st period - Slapshot by Milan Bartovic.
13:14 of 1st period - Shot Misses the Net.
13:16 of 1st period - Wrist shot by Cody McLeod.
13:16 of 1st period - Stopped by Thomas McCollum without a rebound.
13:17 of 1st period - Milan Bartovic wins face-off versus Evgeny Grachev in Influenza zone.
13:24 of 1st period - Snap shot by Mike Zigomanis.
13:24 of 1st period - Stopped by Thomas McCollum without a rebound.
13:25 of 1st period - Evgeny Grachev wins face-off versus Mike Zigomanis in Influenza zone.
13:25 of 1st period - Evgeny Grachev is hit by Cody McLeod.
13:47 of 1st period - Snap shot by Milan Bartovic.
13:47 of 1st period - Stopped by Thomas McCollum with a rebound.
14:07 of 1st period - Snap shot by Cody McLeod.
14:07 of 1st period - Stopped by Thomas McCollum with a rebound.
14:31 of 1st period - Snap shot by Evgeny Grachev.
14:31 of 1st period - Shot Misses the Net.
14:33 of 1st period - Snap shot by Ben Smith.
14:33 of 1st period - Goal by Ben Smith - Rafales : 3 - Influenza : 1.
14:34 of 1st period - Jeff Skinner wins face-off versus Mark Scheifele in neutral zone.
14:59 of 1st period - T.J Galiardi is hit by Mike Sislo and loses puck.
15:24 of 1st period - James Marcou is hit by Jeff May and loses puck.
15:46 of 1st period - Icing by John Klingberg.
15:47 of 1st period - Mark Scheifele wins face-off versus Nathan Davis in Influenza zone.
15:47 of 1st period - Mark Scheifele is hit by Jeff Skinner.
16:12 of 1st period - Snap shot by Evgeny Grachev.
16:12 of 1st period - Stopped by Philipp Grubauer with a rebound.
16:14 of 1st period - Snap shot by Ben Smith.
16:14 of 1st period - Shot Misses the Net.
16:16 of 1st period - Snap shot by Ben Smith.
16:16 of 1st period - Shot Hit the Post.
16:18 of 1st period - Slapshot by John Klingberg.
16:18 of 1st period - Shot Blocked by Matt Gilroy.
16:20 of 1st period - Wrist shot by Evgeny Grachev.
16:20 of 1st period - Shot Blocked by Willie Mitchell.
16:22 of 1st period - Slapshot by Ben Smith.
16:22 of 1st period - Stopped by Philipp Grubauer without a rebound.
16:23 of 1st period - Nathan Davis wins face-off versus Ryan Carter in Rafales zone.
17:00 of 1st period - Snap shot by Robbie Earl.
17:00 of 1st period - Stopped by Philipp Grubauer without a rebound.
17:01 of 1st period - Evgeny Grachev wins face-off versus Mike Zigomanis in Rafales zone.
17:14 of 1st period - Slapshot by John Klingberg.
17:14 of 1st period - Stopped by Philipp Grubauer with a rebound.
17:16 of 1st period - Wrist shot by Mathieu Carle.
17:16 of 1st period - Shot Blocked by Willie Mitchell.
17:26 of 1st period - John Klingberg is hit by Mike Sislo and loses puck.
18:27 of 1st period - Snap shot by Ben Smith.
18:27 of 1st period - Shot Blocked by Willie Mitchell.
18:29 of 1st period - Snap shot by Evgeny Grachev.
18:29 of 1st period - Deflect By Ben Smith.
18:29 of 1st period - Shot Misses the Net.
18:29 of 1st period - Puck is out of play.
18:30 of 1st period - Evgeny Grachev wins face-off versus Mike Zigomanis in Rafales zone.
18:57 of 1st period - Wrist shot by Ben Smith.
18:57 of 1st period - Shot Misses the Net.
18:59 of 1st period - Backhand shot by Ben Smith.
18:59 of 1st period - Deflect By Evgeny Grachev.
18:59 of 1st period - Stopped by Philipp Grubauer with a rebound.
19:01 of 1st period - Snap shot by Evgeny Grachev.
19:01 of 1st period - Deflect By Mike Zigomanis.
19:01 of 1st period - Shot Blocked by Jonas Junland.
19:01 of 1st period - Puck is out of play.
19:02 of 1st period - Mark Scheifele wins face-off versus Jeff Skinner in Rafales zone.
19:58 of 1st period - Snap shot by Michael Bournival.
19:58 of 1st period - Shot Blocked by Carl Gunnarsson.
Goals for this period are 3 for Rafales vs 1 for Influenza.
Shots for this period are 9 for Rafales vs 13 for Influenza.
2nd period
0:01 of 2nd period - Mike Zigomanis wins face-off versus Evgeny Grachev in neutral zone.
0:26 of 2nd period - Jamie Benn is hit by Mike Sislo and loses puck.
0:43 of 2nd period - Snap shot by Evgeny Grachev.
0:43 of 2nd period - Shot Misses the Net.
0:45 of 2nd period - Slapshot by Carl Gunnarsson.
0:45 of 2nd period - Shot Misses the Net.
0:47 of 2nd period - Snap shot by Carl Gunnarsson.
0:47 of 2nd period - Stopped by Philipp Grubauer with a rebound.
0:49 of 2nd period - Snap shot by Evgeny Grachev.
0:49 of 2nd period - Stopped by Philipp Grubauer with a rebound.
1:05 of 2nd period - Snap shot by Evgeny Grachev.
1:05 of 2nd period - Shot Misses the Net.
1:13 of 2nd period - Wrist shot by Tim Crowder.
1:13 of 2nd period - Shot Misses the Net.
1:15 of 2nd period - Slapshot by Willie Mitchell.
1:15 of 2nd period - Shot Blocked by Tim Erixon.
1:19 of 2nd period - Backhand shot by Mike Sislo.
1:19 of 2nd period - Shot Misses the Net.
1:21 of 2nd period - Backhand shot by Tim Crowder.
1:21 of 2nd period - Stopped by Thomas McCollum with a rebound.
1:23 of 2nd period - Slapshot by Willie Mitchell.
1:23 of 2nd period - Deflect By Jamie Benn.
1:23 of 2nd period - Stopped by Thomas McCollum with a rebound.
1:25 of 2nd period - Snap shot by Kevin Veilleux.
1:25 of 2nd period - Shot Misses the Net.
1:31 of 2nd period - Wrist shot by Kevin Veilleux.
1:31 of 2nd period - Shot Blocked by Tim Erixon.
1:33 of 2nd period - Backhand shot by Willie Mitchell.
1:33 of 2nd period - Shot Misses the Net.
1:35 of 2nd period - Slapshot by Willie Mitchell.
1:35 of 2nd period - Deflect By Mike Sislo.
1:35 of 2nd period - Goal by Mike Sislo - Rafales : 4 - Influenza : 1.
1:35 of 2nd period - Olivier Roy enters game.
1:36 of 2nd period - Cody McLeod wins face-off versus Mark Scheifele in neutral zone.
1:39 of 2nd period - Slapshot by Marc-André Gragnani.
1:39 of 2nd period - Deflect By John Klingberg.
1:39 of 2nd period - Stopped by Olivier Roy with a rebound.
2:01 of 2nd period - Jeremy Morin is hit by Michael Bournival and loses puck.
3:22 of 2nd period - Wrist shot by Jeff Skinner.
3:22 of 2nd period - Stopped by Olivier Roy with a rebound.
3:24 of 2nd period - Slapshot by Matt Gilroy.
3:24 of 2nd period - Shot Misses the Net.
3:30 of 2nd period - Minor Penalty to Tim Erixon for Hooking.
3:31 of 2nd period - Mike Zigomanis wins face-off versus Ryan Carter in Influenza zone.
3:56 of 2nd period - Ben Smith is hit by Mike Sislo and loses puck.
5:27 of 2nd period - Matt Corrente is hit by Michael Bournival and loses puck.
5:30 of 2nd period - Penalty to Tim Erixon is over, Tim Erixon is back on ice.
7:05 of 2nd period - Michael Bournival is hit by Martins Karsums and loses puck.
7:40 of 2nd period - Kevin Veilleux is hit by Jamie Benn and loses puck.
8:12 of 2nd period - Charlie Coyle is hit by Mike Zigomanis and loses puck.
8:39 of 2nd period - Mathieu Carle is hit by Petr Kalus and loses puck.
8:50 of 2nd period - Kevin Veilleux is hit by Robbie Earl and loses puck.
8:57 of 2nd period - Snap shot by Robbie Earl.
8:57 of 2nd period - Stopped by Philipp Grubauer with a rebound.
8:59 of 2nd period - Snap shot by Robbie Earl.
8:59 of 2nd period - Stopped by Philipp Grubauer with a rebound.
9:01 of 2nd period - Wrist shot by Mark Scheifele.
9:01 of 2nd period - Stopped by Philipp Grubauer with a rebound.
9:19 of 2nd period - Mike Zigomanis is hit by Jamie Benn and loses puck.
9:30 of 2nd period - Ryan Carter is hit by Jonathan Rheault and loses puck.
9:59 of 2nd period - Wrist shot by Ryan Russell.
9:59 of 2nd period - Shot Blocked by Connor Murphy.
10:11 of 2nd period - Petr Kalus is hit by Ben Smith and loses puck.
10:18 of 2nd period - Slapshot by Evgeny Grachev.
10:18 of 2nd period - Stopped by Philipp Grubauer with a rebound.
10:20 of 2nd period - Snap shot by Ben Smith.
10:20 of 2nd period - Deflect By Jamie Benn.
10:20 of 2nd period - Goal by Jamie Benn - Rafales : 4 - Influenza : 2.
10:21 of 2nd period - Mike Zigomanis wins face-off versus Evgeny Grachev in neutral zone.
10:29 of 2nd period - Off-side.
10:30 of 2nd period - Evgeny Grachev wins face-off versus Mike Zigomanis in neutral zone.
11:13 of 2nd period - Marc-André Gragnani is hit by Evgeny Grachev and loses puck.
11:35 of 2nd period - Minor Penalty to Marc-André Gragnani for Cross-checking.
11:36 of 2nd period - Mark Scheifele wins face-off versus Nathan Davis in Rafales zone.
11:38 of 2nd period - Snap shot by Robbie Earl.
11:38 of 2nd period - Stopped by Philipp Grubauer without a rebound.
11:39 of 2nd period - Mark Scheifele wins face-off versus Nathan Davis in Rafales zone.
11:52 of 2nd period - Snap shot by Robbie Earl.
11:52 of 2nd period - Goal by Robbie Earl - Rafales : 4 - Influenza : 3.
11:53 of 2nd period - Mike Zigomanis wins face-off versus Mark Scheifele in neutral zone.
11:58 of 2nd period - Wrist shot by Cody McLeod.
11:58 of 2nd period - Shot Blocked by Mathieu Carle.
12:25 of 2nd period - Wrist shot by Jonathan Rheault.
12:25 of 2nd period - Shot Misses the Net.
12:27 of 2nd period - Slapshot by Matt Gilroy.
12:27 of 2nd period - Stopped by Olivier Roy with a rebound.
12:29 of 2nd period - Wrist shot by Matt Gilroy.
12:29 of 2nd period - Deflect By Evgeny Grachev.
12:29 of 2nd period - Stopped by Olivier Roy without a rebound.
12:30 of 2nd period - Kevin Veilleux wins face-off versus Mark Scheifele in Influenza zone.
12:39 of 2nd period - Kevin Veilleux is hit by Robbie Earl and loses puck.
13:47 of 2nd period - Wrist shot by Jeff Skinner.
13:47 of 2nd period - Stopped by Olivier Roy with a rebound.
14:03 of 2nd period - Tim Crowder is hit by Evgeny Grachev and loses puck.
14:10 of 2nd period - Snap shot by Ben Smith.
14:10 of 2nd period - Stopped by Philipp Grubauer with a rebound.
14:12 of 2nd period - Slapshot by Matt Corrente.
14:12 of 2nd period - Stopped by Philipp Grubauer with a rebound.
14:45 of 2nd period - Snap shot by James Marcou.
14:45 of 2nd period - Stopped by Olivier Roy with a rebound.
15:12 of 2nd period - Minor Penalty to Marc-André Gragnani for Tripping.
15:13 of 2nd period - Mike Zigomanis wins face-off versus Evgeny Grachev in Rafales zone.
15:37 of 2nd period - Connor Murphy is hit by Martins Karsums and loses puck.
16:38 of 2nd period - Mathieu Carle is hit by Willie Mitchell and loses puck.
17:12 of 2nd period - Penalty to Marc-André Gragnani is over, Marc-André Gragnani is back on ice.
17:23 of 2nd period - Off-side.
17:24 of 2nd period - Ryan Carter wins face-off versus Kevin Veilleux in neutral zone.
17:49 of 2nd period - Marc-André Gragnani is hit by Jeff May and loses puck.
17:54 of 2nd period - Wrist shot by Ryan Russell.
17:54 of 2nd period - Shot Misses the Net.
17:56 of 2nd period - Slapshot by John Klingberg.
17:56 of 2nd period - Shot Misses the Net.
17:58 of 2nd period - Wrist shot by Iiro Pakarinen.
17:58 of 2nd period - Stopped by Philipp Grubauer without a rebound.
17:59 of 2nd period - Evgeny Grachev wins face-off versus Mike Zigomanis in Rafales zone.
18:12 of 2nd period - Slapshot by John Klingberg.
18:12 of 2nd period - Deflect By Ben Smith.
18:12 of 2nd period - Stopped by Philipp Grubauer without a rebound.
18:13 of 2nd period - Mark Scheifele wins face-off versus Nathan Davis in Rafales zone.
18:29 of 2nd period - Slapshot by Nathan Davis.
18:29 of 2nd period - Stopped by Olivier Roy with a rebound.
18:49 of 2nd period - Snap shot by Kevin Veilleux.
18:49 of 2nd period - Goal by Kevin Veilleux - Rafales : 5 - Influenza : 3.
18:50 of 2nd period - Evgeny Grachev wins face-off versus Mike Zigomanis in neutral zone.
18:52 of 2nd period - Minor Penalty to Ben Smith for Holding.
18:53 of 2nd period - Ryan Carter wins face-off versus Mike Zigomanis in Influenza zone.
19:03 of 2nd period - Wrist shot by Ryan Carter.
19:03 of 2nd period - Stopped by Philipp Grubauer without a rebound.
19:04 of 2nd period - Mike Zigomanis wins face-off versus Ryan Carter in Rafales zone.
19:19 of 2nd period - Wrist shot by Ryan Carter.
19:19 of 2nd period - Stopped by Philipp Grubauer with a rebound.
Goals for this period are 2 for Rafales vs 2 for Influenza.
Shots for this period are 11 for Rafales vs 15 for Influenza.
3rd period
0:01 of 3rd period - Mike Zigomanis wins face-off versus Ryan Carter in neutral zone.
0:25 of 3rd period - John Klingberg is hit by Willie Mitchell and loses puck.
0:52 of 3rd period - Penalty to Ben Smith is over, Ben Smith is back on ice.
1:04 of 3rd period - Wrist shot by Petr Kalus.
1:04 of 3rd period - Shot Misses the Net.
1:06 of 3rd period - Slapshot by Michael Bournival.
1:06 of 3rd period - Shot Blocked by Mathieu Carle.
1:08 of 3rd period - Slapshot by Jonas Junland.
1:08 of 3rd period - Stopped by Olivier Roy with a rebound.
1:20 of 3rd period - Tim Crowder is hit by Mathieu Carle.
1:46 of 3rd period - Jeremy Morin is hit by Cody McLeod and loses puck.
2:36 of 3rd period - Off-side.
2:37 of 3rd period - Ryan Carter wins face-off versus Nathan Davis in neutral zone.
2:53 of 3rd period - Slapshot by Matt Gilroy.
2:53 of 3rd period - Shot Misses the Net.
2:55 of 3rd period - Slapshot by Matt Gilroy.
2:55 of 3rd period - Shot Misses the Net.
2:57 of 3rd period - Wrist shot by Willie Mitchell.
2:57 of 3rd period - Shot Blocked by Matt Corrente.
2:59 of 3rd period - Snap shot by Matt Gilroy.
2:59 of 3rd period - Stopped by Olivier Roy without a rebound.
3:00 of 3rd period - Mike Zigomanis wins face-off versus Evgeny Grachev in Influenza zone.
3:01 of 3rd period - Snap shot by Cody McLeod.
3:01 of 3rd period - Deflect By Mike Zigomanis.
3:01 of 3rd period - Stopped by Olivier Roy without a rebound.
3:02 of 3rd period - Evgeny Grachev wins face-off versus Milan Bartovic in Influenza zone.
4:23 of 3rd period - Charlie Coyle is hit by Willie Mitchell.
5:50 of 3rd period - Wrist shot by Ben Smith.
5:50 of 3rd period - Stopped by Philipp Grubauer with a rebound.
6:00 of 3rd period - Snap shot by Iiro Pakarinen.
6:00 of 3rd period - Deflect By Ryan Russell.
6:00 of 3rd period - Shot Blocked by Jonas Junland.
6:00 of 3rd period - Puck is out of play.
6:01 of 3rd period - Ryan Russell wins face-off versus Mike Zigomanis in Rafales zone.
6:10 of 3rd period - Slapshot by Milan Bartovic.
6:10 of 3rd period - Stopped by Olivier Roy with a rebound.
6:20 of 3rd period - Cody McLeod is hit by Ryan Russell.
6:53 of 3rd period - Off-side.
6:54 of 3rd period - Petr Kalus wins face-off versus Mark Scheifele in neutral zone.
7:06 of 3rd period - Icing by Matt Corrente.
7:07 of 3rd period - Mark Scheifele wins face-off versus Mike Zigomanis in Influenza zone.
7:14 of 3rd period - Cody McLeod is hit by Robbie Earl.
7:18 of 3rd period - Wrist shot by Mark Scheifele.
7:18 of 3rd period - Stopped by Philipp Grubauer with a rebound.
7:20 of 3rd period - Wrist shot by Mark Scheifele.
7:20 of 3rd period - Stopped by Philipp Grubauer with a rebound.
7:55 of 3rd period - Kevin Veilleux is hit by Carl Gunnarsson and loses puck.
8:00 of 3rd period - Snap shot by Ryan Carter.
8:00 of 3rd period - Shot Blocked by Kevin Veilleux.
8:02 of 3rd period - Wrist shot by Jeremy Morin.
8:02 of 3rd period - Stopped by Philipp Grubauer with a rebound.
8:04 of 3rd period - Slapshot by Carl Gunnarsson.
8:04 of 3rd period - Shot Misses the Net.
8:28 of 3rd period - Slapshot by James Marcou.
8:28 of 3rd period - Stopped by Olivier Roy without a rebound.
8:29 of 3rd period - Mike Zigomanis wins face-off versus Evgeny Grachev in Influenza zone.
8:38 of 3rd period - Slapshot by Jamie Benn.
8:38 of 3rd period - Shot Blocked by Mark Fayne.
9:45 of 3rd period - Marc-André Gragnani is hit by Ryan Russell and loses puck.
10:17 of 3rd period - Icing by Mike Zigomanis.
10:18 of 3rd period - Mark Scheifele wins face-off versus Mike Zigomanis in Rafales zone.
10:35 of 3rd period - Snap shot by Mike Zigomanis.
10:35 of 3rd period - Stopped by Olivier Roy with a rebound.
10:37 of 3rd period - Wrist shot by Cody McLeod.
10:37 of 3rd period - Shot Blocked by John Klingberg.
10:39 of 3rd period - Wrist shot by Cody McLeod.
10:39 of 3rd period - Goal by Cody McLeod - Rafales : 6 - Influenza : 3.
10:40 of 3rd period - Nathan Davis wins face-off versus Evgeny Grachev in neutral zone.
10:43 of 3rd period - Slapshot by Willie Mitchell.
10:43 of 3rd period - Deflect By Jeff Skinner.
10:43 of 3rd period - Stopped by Olivier Roy with a rebound.
10:48 of 3rd period - Mathieu Carle is hit by Matt Gilroy and loses puck.
11:04 of 3rd period - Icing by Willie Mitchell.
11:05 of 3rd period - Mike Zigomanis wins face-off versus Mark Scheifele in Rafales zone.
11:16 of 3rd period - Snap shot by Robbie Earl.
11:16 of 3rd period - Goal by Robbie Earl - Rafales : 6 - Influenza : 4.
11:17 of 3rd period - Evgeny Grachev wins face-off versus Mike Zigomanis in neutral zone.
11:28 of 3rd period - Slapshot by Ben Smith.
11:28 of 3rd period - Goal by Ben Smith - Rafales : 6 - Influenza : 5.
11:29 of 3rd period - Mike Zigomanis wins face-off versus Jamie Benn in neutral zone.
11:59 of 3rd period - Wrist shot by Jeff Skinner.
11:59 of 3rd period - Deflect By Robbie Earl.
11:59 of 3rd period - Shot Blocked by Matt Corrente.
11:59 of 3rd period - Puck is out of play.
12:00 of 3rd period - Mark Scheifele wins face-off versus Nathan Davis in Influenza zone.
12:05 of 3rd period - Wrist shot by Mark Scheifele.
12:05 of 3rd period - Deflect By Nathan Davis.
12:05 of 3rd period - Shot Misses the Net.
12:05 of 3rd period - Puck is out of play.
12:06 of 3rd period - Nathan Davis wins face-off versus Mark Scheifele in Rafales zone.
12:31 of 3rd period - Marc-André Gragnani is hit by Jamie Benn and loses puck.
12:40 of 3rd period - Snap shot by Milan Bartovic.
12:40 of 3rd period - Stopped by Olivier Roy without a rebound.
12:41 of 3rd period - Evgeny Grachev wins face-off versus Nathan Davis in Influenza zone.
12:54 of 3rd period - Snap shot by Nathan Davis.
12:54 of 3rd period - Stopped by Olivier Roy without a rebound.
12:55 of 3rd period - Mike Zigomanis wins face-off versus Evgeny Grachev in Influenza zone.
13:00 of 3rd period - Wrist shot by Milan Bartovic.
13:00 of 3rd period - Stopped by Olivier Roy with a rebound.
13:21 of 3rd period - Minor Penalty to Mark Scheifele for Hooking.
13:22 of 3rd period - Ryan Carter wins face-off versus Mike Zigomanis in Influenza zone.
13:58 of 3rd period - Snap shot by Mike Sislo.
13:58 of 3rd period - Goal by Mike Sislo - Rafales : 7 - Influenza : 5.
13:59 of 3rd period - Evgeny Grachev wins face-off versus Mike Zigomanis in neutral zone.
14:02 of 3rd period - Slapshot by John Klingberg.
14:02 of 3rd period - Shot Blocked by Mike Zigomanis.
14:11 of 3rd period - Icing by Milan Bartovic.
14:12 of 3rd period - Evgeny Grachev wins face-off versus Mike Zigomanis in Rafales zone.
14:23 of 3rd period - Snap shot by John Klingberg.
14:23 of 3rd period - Deflect By Evgeny Grachev.
14:23 of 3rd period - Shot Misses the Net.
14:23 of 3rd period - Puck is out of play.
14:24 of 3rd period - Evgeny Grachev wins face-off versus Mike Zigomanis in Rafales zone.
14:53 of 3rd period - Willie Mitchell is hit by Mark Scheifele and loses puck.
15:38 of 3rd period - Slapshot by Marc-André Gragnani.
15:38 of 3rd period - Stopped by Olivier Roy with a rebound.
15:46 of 3rd period - Minor Penalty to Jonas Junland for Goalie Interference.
15:47 of 3rd period - Mike Zigomanis wins face-off versus Evgeny Grachev in Rafales zone.
16:00 of 3rd period - Snap shot by Evgeny Grachev.
16:00 of 3rd period - Shot Misses the Net.
16:12 of 3rd period - Willie Mitchell is hit by Martins Karsums and loses puck.
16:17 of 3rd period - Wrist shot by Mark Scheifele.
16:17 of 3rd period - Goal by Mark Scheifele - Rafales : 7 - Influenza : 6.
16:18 of 3rd period - Kevin Veilleux wins face-off versus Ryan Carter in neutral zone.
16:23 of 3rd period - Slapshot by Mike Sislo.
16:23 of 3rd period - Shot Misses the Net.
17:12 of 3rd period - Snap shot by Nathan Davis.
17:12 of 3rd period - Stopped by Olivier Roy without a rebound.
17:13 of 3rd period - Ryan Carter wins face-off versus Kevin Veilleux in Influenza zone.
17:22 of 3rd period - Mike Sislo is hit by Ryan Carter and loses puck.
18:05 of 3rd period - Minor Penalty to Mark Scheifele for Hooking.
18:06 of 3rd period - Ryan Carter wins face-off versus Mike Zigomanis in Influenza zone.
18:20 of 3rd period - Snap shot by Cody McLeod.
18:20 of 3rd period - Stopped by Olivier Roy with a rebound.
18:22 of 3rd period - Wrist shot by Cody McLeod.
18:22 of 3rd period - Deflect By John Klingberg.
18:22 of 3rd period - Shot Misses the Net.
18:22 of 3rd period - Puck is out of play.
18:23 of 3rd period - Nathan Davis wins face-off versus Ryan Carter in Influenza zone.
18:56 of 3rd period - Slapshot by Carl Gunnarsson.
18:56 of 3rd period - Shot Misses the Net.
18:58 of 3rd period - Snap shot by Jamie Benn.
18:58 of 3rd period - Shot Misses the Net.
19:02 of 3rd period - Slapshot by Matt Corrente.
19:02 of 3rd period - Stopped by Philipp Grubauer with a rebound.
19:04 of 3rd period - Slapshot by Matt Corrente.
19:04 of 3rd period - Shot Blocked by Matt Gilroy.
19:20 of 3rd period - Matt Corrente is hit by Milan Bartovic and loses puck.
19:31 of 3rd period - Jonas Junland is hit by Charlie Coyle and loses puck.
Goals for this period are 2 for Rafales vs 3 for Influenza.
Shots for this period are 15 for Rafales vs 8 for Influenza.
Back to the Top